 Dungeon Crawl Stone Soup version 0.17-a0-957-ga3519be (webtiles) character file.

37 RobertPalmer the Slasher (level 3, 0/34 HPs)
             Began as a Naga Chaos Knight on May 7, 2015.
             Shot with a stone by a goblin (4 damage)
             ... on level 2 of the Dungeon.
             The game lasted 00:02:51 (1188 turns).

RobertPalmer the Slasher (Naga Chaos Knight)        Turns: 1188, Time: 00:02:51

Health: 0/34       AC:  5    Str: 14    XL:     3   Next: 41%
Magic:  3/3        EV:  9    Int: 12    God:    Xom [.*....]
Gold:   91         SH:  0    Dex: 11    Spells: 0 memorised, 2 levels left

rFire  . . .     SeeInvis +     a - +1 falchion (chaos)
rCold  . . .     Clarity  .     b - +2 leather armour
rNeg   . . .     SustAb   .     (no shield)
rPois  +         Gourm    .     (no helmet)
rElec  .         Spirit   .     g - +0 cloak
rCorr  .         Warding  .     (no gloves)
rMut   .         Stasis   .     (no barding)
MR     .....                    (no amulet)
Stlth  +.........               (no ring)
                                e - ring of wizardry {Wiz+, !d}

@: very slow, not resistant to hostile enchantments, very unstealthy
A: see invisible, deformed body, poison resistance, slowness 2, slow metabolism
1, spit poison 2, AC +1
a: Spit Poison, Renounce Religion


You were on level 2 of the Dungeon.
You worshipped Xom.
You were a plaything of Xom.
You were not hungry.

You visited 1 branch of the dungeon, and saw 2 of its levels.

You collected 91 gold pieces.

Inventory:

Hand weapons
 a - a +1 falchion of chaos (weapon)
Armour
 b - a +2 leather armour (worn)
 g - a +0 cloak (worn)
   (You found it on level 1 of the Dungeon)
Jewellery
 e - a ring of wizardry (left hand) {Wiz+, !d}
   (You found it on level 1 of the Dungeon)
Scrolls
 i - 3 scrolls of enchant weapon
 j - a scroll of remove curse
Potions
 d - a potion of lignification {unknown}
Comestibles
 c - 2 bread rations {@e1}
 f - 2 meat rations {@e2}


   Skills:
 + Level 3.4 Fighting
 - Level 4.0 Long Blades
   Level 0.2 Maces & Flails
 - Level 1.5 Armour
 - Level 0.7 Dodging


You had 2 spell levels left.
You didn't know any spells.

Dungeon Overview and Level Annotations

Branches:
Dungeon (2/15)

Altars:
Okawaru
Qazlal
Trog


Innate Abilities, Weirdness & Mutations

You cannot wear boots.
Your serpentine skin is tough (AC +1).
You have supernaturally acute eyesight.
Armour fits poorly on your strangely shaped body.
Your system is resistant to poisons.
You cover ground very slowly.
You have a slow metabolism.
You can spit poison.


Message History

Found a stone staircase leading down and a stone staircase leading up.
You closely miss the goblin. The goblin hits you but does no damage.
The goblin barely misses you.
You slash the goblin!
You kill the goblin!
The goblin barely misses you.
You slash the goblin!
You kill the goblin!
No target in view!
No target in view!
Things that are here:
a dagger; a goblin corpse
There is a fountain of clear blue water here.
A rat comes into view.
The rat moves out of view.
A rat is nearby!
A rat is nearby!
You closely miss the rat. The rat bites you.
You take 1 damage, and have 33/34 hp.
You hit the rat.
You kill the rat!
No target in view!
No target in view!
You see here a rat corpse.
There is a fountain of clear blue water here.
Found a stormy altar of Qazlal.
Health restored: 34 The air elemental merges itself into the air.
The air elemental forms itself from the air!
The air elemental merges itself into the air.
You open the door.
There is an open door here.
The air elemental forms itself from the air!
Xom is getting BORED.
The air elemental merges itself into the air.
You open the door.
Eating one of 2 chunks of flesh {@w0}.
You continue eating. x2
You are now a BORING thing.
Xom's power touches on you for a moment.
Flickering shadows surround you.
You are now a plaything of Xom.
Read which item? (? for menu, Esc to quit)
Okay, then.
Drink which item? (? for menu, Esc to quit)
Okay, then.
The shadow slips into darkness.
The shadow flickers and vanishes for a moment.
The shadow closely misses you.
The shadow slips into darkness.
The shadow flickers and vanishes for a moment.
The shadow barely misses you.
All of the chunks of flesh in your inventory have rotted away.
The shadow closely misses you. The shadow hits you.
You take 1 damage, and have 33/34 hp.
A bat and a goblin come into view.
The goblin shouts!
The goblin moves out of view.
The bat hits you but does no damage.
You closely miss the bat. The bat hits you but does no damage.
The bat hits you but does no damage. The shadow barely misses you.
The bat closely misses you. The bat hits you but does no damage.
You closely miss the goblin. The bat hits you.
The goblin hits you with a dagger. The shadow hits you. The shadow hits you!
The goblin hits you but does no damage.
You take 15 damage, and have 18/34 hp.
MASSIVE DAMAGE!!
The bat hits you but does no damage. x2
The shadow slips into darkness.
The shadow flickers and vanishes for a moment.
The goblin hits you with a dagger.
You take 4 damage, and have 14/34 hp.
You barely miss the bat. The bat hits you but does no damage.
The bat hits you but does no damage. The shadow hits you.
* * * LOW HITPOINT WARNING * * *
The bat barely misses you. The goblin hits you with a dagger.
* * * LOW HITPOINT WARNING * * *
You take 7 damage, and have 7/34 hp.
MASSIVE DAMAGE!!
You closely miss the bat. The bat hits you but does no damage.
The bat hits you but does no damage. The shadow hits you.
* * * LOW HITPOINT WARNING * * *
The goblin barely misses you.
You take 2 damage, and have 5/34 hp.
Unknown command.
You hit the bat.
You kill the bat!
The shadow slips into darkness.
The shadow flickers and vanishes for a moment.
The goblin hits you with a dagger.
* * * LOW HITPOINT WARNING * * *
You take 1 damage, and have 4/34 hp.
Unknown command.
The shadow disappears in a puff of smoke! x2
The goblin barely misses you. The goblin hits you but does no damage.
The goblin unwields an uncursed dagger.
The goblin wields a hunting sling.
The goblin shoots a stone.
The stone hits you but does no damage.
The goblin shoots a stone.
The stone hits you.
You die... "What!?
That's it?"

..#.#....._....#
....##.........#
....#####...####
....'.#E#...#§#
....#####...######
.†..# #.........#
..).# #..#.#.##.#
.##.## #.##.####.#
.#⌠.⌠#####⌠.⌠# #@#
.##...###...## #.#
.###....†..##.##.#
...##..>..##...g.#
....##⌠.⌠#######§#
..#..#####.......#
..#..#####.#######
...........#
..##.#######


You could see a goblin.

Vanquished Creatures
  An adder (D:2)
  6 bats
  6 goblins
  A hobgoblin (D:1)
  4 jackals (D:1)
  2 ball pythons
  A giant cockroach (D:1)
  A giant newt (D:1)
  6 kobolds
  3 rats
31 creatures vanquished.

Notes
Turn   | Place    | Note
--------------------------------------------------------------
     0 | D:1      | RobertPalmer, the Naga Chaos Knight, began the quest for the Orb.
     0 | D:1      | Reached XP level 1. HP: 21/21 MP: 1/1
   125 | D:1      | XOM: harmless Ice miscast
   150 | D:1      | Reached XP level 2. HP: 24/28 MP: 2/2
   259 | D:1      | XOM: divination: detect items
   384 | D:1      | XOM: mild Erth miscast
   598 | D:1      | Reached skill level 4 in Long Blades
   830 | D:2      | XOM: silly message
   960 | D:2      | Found a bloodstained altar of Trog.
   960 | D:2      | Found an iron altar of Okawaru.
  1000 | D:2      | Reached XP level 3. HP: 30/34 MP: 3/3
  1099 | D:2      | Found a stormy altar of Qazlal.
  1100 | D:2      | Noticed an earth elemental
  1103 | D:2      | Noticed an air elemental
  1104 | D:2      | Noticed a fire elemental
  1104 | D:2      | Noticed a water elemental
  1169 | D:2      | XOM is BORED!
  1169 | D:2      | XOM: medium Necr miscast
  1170 | D:2      | Noticed a shadow
  1170 | D:2      | Noticed a shadow
  1183 | D:2      | HP: 8/34 [shadow[the capriciousness of Xom] (6)]
  1188 | D:2      | Shot with a stone by a goblin

Action                   || total
-------------------------++-------
Melee: Falchion          ||    77
       Great mace        ||    10
 Abil: Spit Poison       ||     1
  Use: Scroll            ||     7
  Eat: Chunk             ||     1

Vault maps used:
D:1:      dpeg_arrival_houses_and_road, minmay_misc_feat_columns,
          minmay_misc_feat_four_crosses
D:2:      gammafunk_temple_overflow_wave, serial_glass, glass_columns_b,
          glass_columns_b, grunt_ministairs_8, nicolae_qazlal_style_of_elements

Table legend:
 A = Turns spent in this place as a percentage of turns spent in the entire game.
 B = Non-inter-level travel turns spent in this place as a percentage of non-inter-level travel turns spent in the entire game.
 C = Inter-level travel turns spent in this place as a percentage of turns spent in this place.
 D = Turns resting spent in this place as a percentage of non-inter-level travel turns spent in this place.
 E = Turns spent auto-exploring this place as a percentage of non-inter-level travel turns spent in this place.
 F = Non-inter-level travel turns spent in this place divided by the number of levels of this place that you've seen.
                   A       B       C       D       E      F
               +-------+-------+-------+-------+-------+----------------------
         Total | 100.0 | 100.0 |   0.5 |   1.0 |  14.2 | 197.5
       Dungeon | 100.0 | 100.0 |   0.5 |   1.0 |  14.2 | 197.5
               +-------+-------+-------+-------+-------+----------------------

Table legend:
 A = Kills in this place as a percentage of kills in entire the game.
 B = Kills by you in this place as a percentage of kills by you in the entire game.
 C = Kills by friends in this place as a percentage of kills by friends in the entire game.
 D = Other kills in this place as a percentage of other kills in the entire game.
 E = Experience gained in this place as a percentage of experience gained in the entire game.
 F = Experience gained in this place divided by the number of levels of this place that you have seen.
                   A       B       C       D       E      F
               +-------+-------+-------+-------+-------+----------------------
         Total | 100.0 | 100.0 |  -nan |  -nan | 100.0 |  27.0
       Dungeon | 100.0 | 100.0 |  -nan |  -nan | 100.0 |  27.0
               +-------+-------+-------+-------+-------+----------------------
